 Dungeon Crawl Stone Soup version 0.31-a0-746-ge8284cb111 (webtiles) character file.

Game seed: 13182969274957592637

7431 Descartes the Earth Mage (level 11, -4/68 HPs)
             Began as a Formicid Earth Elementalist on Sept 14, 2023.
             Was an Initiate of Gozag.
             Slain by a wyvern (12 damage)
             ... on level 9 of the Dungeon.
             The game lasted 00:19:41 (9030 turns).

Descartes the Earth Mage (FoEE)                     Turns: 9030, Time: 00:19:42

Health: -4/68      AC: 13    Str: 18    XL:     11   Next: 37%
Magic:  14/14      EV: 17    Int: 27    God:    Gozag
Gold:   1508       SH:  0    Dex: 14    Spells: 13/14 levels left

rFire   . . .        a - +4 quarterstaff (chaos)
rCold   . . .        (no shield)
rNeg    . . .        v - +7 toga "Victory" {*Victory Int+7 Slay+7 Clar}
rPois   .            (helmet unavailable)
rElec   .            m - +0 cloak
rCorr   .            f - +0 pair of gloves
SInv    +            M - +1 pair of boots {Fly}
Will    +....        (no amulet)
Stlth   ++           k - +6 ring of intelligence
HPRegen 0.31/turn    s - +5 ring of evasion
MPRegen 0.14/turn

%: clarity
@: gold aura, flying
A: permanent stasis, dig shafts and tunnels, antennae 3, four strong arms
a: Dig, Shaft Self, Renounce Religion, Potion Petition, Call Merchant, Bribe
Branch


You were on level 9 of the Dungeon.
You worshipped Gozag.
Gozag was most pleased with you.
You visited 2 branches of the dungeon, and saw 10 of its levels.
You also visited: Bailey.

You collected 1566 gold pieces.
You paid 58 gold pieces to Gozag.

Inventory:

Hand Weapons
 a - a +4 quarterstaff of chaos (weapon)
 e - a +0 hand axe of flaming
 Q - a +3 scimitar of flaming
Missiles
 x - 13 poisoned darts
 F - a curare-tipped dart
 N - 15 boomerangs
Armour
 f - a +0 pair of gloves (worn)
 m - a +0 cloak (worn)
 n - a +0 pair of boots
 v - the +7 toga "Victory" (worn) {*Victory Int+7 Slay+7 Clar}
   (You found it on level 3 of the Dungeon)

   *Victory:  When the wearer kills a threatening monster, it has a chance to
   gain +1 AC, +1 Slay, and +1 Int, capping at +7.
   When the wearer uses a scroll or a potion with a hostile monster in sight,
   its bonuses reset to +0.
   Unequipping it also resets its bonuses to +0.
   Int+7:     It affects your intelligence (+7).
   Slay+7:    It affects your accuracy & damage with ranged weapons and melee
   (+7).
   Clar:      It protects you from confusion, rage, mesmerisation and fear.
 C - a +0 leather armour of poison resistance
 M - a +1 pair of boots of flying (worn)
Jewellery
 k - a +6 ring of intelligence (left hand)
 r - a ring of resist corrosion
 s - a +5 ring of evasion (right hand)
 A - an amulet of the acrobat
 E - a ring of ice
 I - a +4 ring of slaying
 K - a ring of protection from fire
 L - a +5 ring of evasion
Wands
 j - a wand of flame (31)
Scrolls
 c - 3 scrolls of noise {unknown}
 d - 6 scrolls of identify {unknown}
 g - 3 scrolls of immolation {unknown}
 h - 6 scrolls of teleportation {unknown}
 l - 2 scrolls of enchant weapon {unknown}
 o - 2 scrolls of silence {unknown}
 u - a scroll of vulnerability {unknown}
 y - a scroll of fog {unknown}
 z - 2 scrolls of poison {unknown}
 D - 3 scrolls of revelation {unknown}
 J - a scroll of butterflies {unknown}
 P - 2 scrolls of blinking {unknown}
 R - 3 scrolls of enchant armour {unknown}
Potions
 b - a potion of magic
 i - 2 potions of resistance {unknown}
 p - 6 potions of curing {unknown}
 q - a potion of ambrosia {unknown}
 t - 3 potions of attraction {unknown}
 w - 4 potions of heal wounds {unknown}
 B - a potion of cancellation {unknown}
 G - a potion of degeneration {unknown}
 H - a potion of mutation {unknown}
 O - 4 potions of enlightenment


   Skills:
 + Level 11.1 Staves
 - Level 1.7 Dodging
 - Level 2.4 Stealth
 - Level 2.1 Spellcasting
 - Level 1.1 Transmutations
 + Level 15.2 Earth Magic


You had 13 spell levels left.
You knew the following spells:

 Your Spells              Type           Power      Damage    Failure   Level
a - Sandblast             Erth           100%       2d20      1%          1

Your spell library contained the following spells:

 Spells                   Type           Power      Damage    Failure   Level
 Passwall                 Tmut/Erth      39%        N/A       1%          2
 Stone Arrow              Conj/Erth      88%        3d12      1%          3
 Petrify                  Tmut/Erth      47%        N/A       3%          4
 Leda's Liquefaction      Hex/Erth       22%        N/A       4%          4
 Foxfire                  Conj/Fire      8%         2x1d4     10%         1
 Ensorcelled Hibernation  Hex/Ice        4%         N/A       14%         2
 Jinxbite                 Hex            4%         N/A       14%         2
 Call Canine Familiar     Summ           2%         N/A       28%         3
 Dazzling Flash           Conj/Hex       4%         N/A       28%         3
 Hailstorm                Conj/Ice       2%         3d3       28%         3
 Sigil of Binding         Hex            2%         N/A       28%         3
 Volatile Blastmotes      Fire/Tloc      4%         2d10      28%         3
 Anguish                  Hex/Necr       1%         N/A       67%         4
 Dimensional Bullseye     Hex/Tloc       1%         N/A       67%         4
 Summon Ice Beast         Ice/Summ       2%         N/A       67%         4
 Plasma Beam              Fire/Air       1%         2x1d11    100%        6
 Starburst                Conj/Fire      1%         6d3       100%        6
 Maxwell's Capacitive Co  Air            1%         ∞         100%        8
 Simulacrum               Ice/Necr       Unusable   N/A       N/A         6

Dungeon Overview and Level Annotations

Branches:
Dungeon (9/15)             Temple (1/1) D:4          Bailey (visited)
   Lair: D:8-11         Orc: D:9-12

Altars:
Ashenzari
Cheibriados
Dithmenos
Elyvilon
Fedhas
Gozag
Hepliaklqana
Kikubaaqudgha
Makhleb
Nemelex Xobeh
Okawaru
Qazlal
Ru
Sif Muna
Trog
Uskayaw
Vehumet
Wu Jian
Yredelemnul
Zin
The Shining One

Shops:
D:7 ?


Innate Abilities, Weirdness & Mutations

You cannot be hasted, slowed, berserked, paralysed or teleported.
You can dig through walls and to a lower floor.
You have a pair of large antennae on your head. (SInv)
Your four strong arms can wield two-handed weapons with a shield.


Message History

The yak misses you. The wyvern closely misses you.
You sock the yak!
The yak is poisoned.
The yak is moderately wounded.
The wyvern misses you. The yak gores you but does no damage.
The iguana misses you. The yak barely misses you.
You sock the yak!
You feel better.
The yak is severely wounded.
The wyvern completely misses you. The yak closely misses you.
The iguana bites you.
Unknown command.
You hit the yak.
The yak looks as sick as possible!
The yak is almost dead.
The wyvern closely misses you. The yak barely misses you.
You sock the yak!
You kill the yak!
The wyvern bites you. The iguana misses you.
The yak gores you but does no damage. The wyvern attacks as it pursues you!
The wyvern bites you!
* * * LOW HITPOINT WARNING * * *
The iguana completely misses you. The wyvern bites you.
* * * LOW HITPOINT WARNING * * *
You see here 16 gold pieces.
You sock the yak!
The yak suddenly seems more agile.
The yak is moderately wounded.
The wyvern misses you. The iguana misses you. The yak gores you!
* * * LOW HITPOINT WARNING * * *
You sock the yak!
Nothing appears to happen.
The yak is heavily wounded.
The wyvern misses you.
The iguana is distracted by your dazzling golden aura.
The iguana hisses angrily.
You barely miss the yak.
The yak is heavily wounded.
The wyvern completely misses you. The yak misses you.
Unknown command.
You closely miss the yak.
The yak is heavily wounded.
The wyvern bites you!
You die...
Your body crumbles into a pile of gold.

.........<..#
...........###
.......).##..# #
..###....#.[.#.#
.#####.........#
.#####..........
.#####........###
..###..lY....####
.......l@$...###
..#..#P......###
#...........##
#..P......P...
#..............
#..P....P....P#
P..P.P..P...♣..
.......P$...P$P


You could see a yak (agile), a wyvern and an iguana.

Vanquished Creatures
  Erica (D:8)
  2 orc knights (Bailey)
  Pikel (D:5)
  Jeremiah (D:7)
  Prince Ribbit (D:7)
  Grinder (D:4)
  Sigmund (D:5)
  A vampire (D:7)
  5 yaks
  A wyvern (D:8)
  Menkaure (D:5)
  4 water moccasins
  A black bear (D:4)
  2 ice beasts
  6 orc warriors
  3 ogres
  A sky beast (D:8)
  A centaur (D:9)
  2 lemures (D:5)
  A phantom (D:5)
  A kobold brigand (D:6)
  Blork the orc (D:5)
  5 bullfrogs
  A gnoll sergeant (D:3)
  2 scorpions
  4 wights
  A vampire bat (D:7)
  2 howler monkeys
  3 hounds
  Crazy Yiuf (D:3)
  A gnoll bouda (D:5)
  An orc priest (D:4)
  Jessica (D:2)
  5 iguanas
  A sleepcap (D:6)
  4 orc wizards
  A statue (D:5)
  14 gnolls
  7 adders
  2 shadow imps
  4 white imps
  An ufetubus (D:7)
  A worm (D:3)
  3 dart slugs
  23 orcs
  7 ball pythons
  A bat skeleton (D:7)
  5 bat zombies (D:7)
  8 endoplasms
  5 giant cockroaches
  10 goblins
  6 hobgoblins
  2 quokkas
  4 bats
  30 kobolds
  3 rats
208 creatures vanquished.

Notes
Turn   | Place    | Note
-------+----------+-------------------------------------------
     0 | D:1      | Descartes the Formicid Earth Elementalist began the quest
                  | for the Orb.
     0 | D:1      | Reached XP level 1. HP: 13/13 MP: 3/3
   215 | D:1      | Reached skill level 4 in Earth Magic
   261 | D:1      | Reached XP level 2. HP: 19/19 MP: 3/5
   862 | D:2      | Found a faded altar of an unknown god.
   868 | D:2      | Reached XP level 3. HP: 24/24 MP: 2/6
  1003 | D:2      | Noticed Jessica
  1005 | D:2      | Killed Jessica
  1006 | D:2      | Reached skill level 5 in Earth Magic
  1006 | D:2      | Reached XP level 4. HP: 30/30 MP: 4/7
  1689 | D:3      | Reached skill level 6 in Earth Magic
  1769 | D:3      | Found an iron altar of Okawaru.
  1769 | D:3      | Found a runed translucent door.
  1776 | D:3      | Noticed a gnoll sergeant
  1776 | D:3      | Found the +0 toga "Victory" {*Victory Clar}
  1786 | D:3      | Reached XP level 5. HP: 35/35 MP: 6/8
  2372 | D:3      | Found a bloodstained altar of Trog.
  2375 | D:3      | Found a sacrificial altar of Ru.
  2376 | D:3      | Found an ornate altar of the Wu Jian Council.
  2378 | D:3      | Found a stormy altar of Qazlal.
  2478 | D:3      | Found a runed translucent door.
  2479 | D:3      | Noticed Crazy Yiuf
  2621 | D:3      | Reached skill level 7 in Earth Magic
  2715 | D:3      | Reached XP level 6. HP: 16/41 MP: 3/9
  2830 | D:3      | Reached skill level 8 in Earth Magic
  2939 | D:3      | Killed Crazy Yiuf
  3006 | D:4      | Noticed a black bear
  3009 | D:4      | Killed a black bear
  3010 | D:4      | Reached skill level 1 in Staves
  3010 | D:4      | Reached XP level 7. HP: 46/46 MP: 8/10
  3165 | D:4      | Found a staircase to the Ecumenical Temple.
  3198 | Temple   | Entered the Ecumenical Temple
  3205 | Temple   | Became a worshipper of Gozag Ym Sagoz the Greedy
  3318 | D:4      | Found a sparkling altar of Nemelex Xobeh.
  3463 | D:4      | Noticed Grinder
  3467 | D:4      | Killed Grinder
  3468 | D:4      | Reached skill level 9 in Earth Magic
  3864 | D:5      | Entered Level 5 of the Dungeon
  3972 | D:5      | Noticed Menkaure
  3976 | D:5      | Killed Menkaure
  3977 | D:5      | Reached XP level 8. HP: 52/52 MP: 6/11
  4022 | D:5      | Noticed Sigmund
  4023 | D:5      | Killed Sigmund
  4109 | D:5      | Reached skill level 10 in Earth Magic
  4242 | D:5      | Reached skill level 5 in Staves
  4329 | D:5      | Noticed Blork the orc
  4336 | D:5      | Killed Blork the orc
  4359 | D:5      | Identified the +9 flail of the Tired Mice {elec, +Blink
                  | Int+3 Dex+3}
  4579 | D:5      | Noticed Pikel
  4587 | D:5      | Killed Pikel
  4588 | D:5      | Reached skill level 11 in Earth Magic
  4588 | D:5      | Reached XP level 9. HP: 57/57 MP: 7/12
  4723 | D:5      | Found a radiant altar of Vehumet.
  5057 | D:5      | Reached skill level 12 in Earth Magic
  5506 | D:6      | Reached XP level 10. HP: 63/63 MP: 2/13
  5954 | D:7      | Noticed Prince Ribbit
  5961 | D:7      | Killed Prince Ribbit
  6070 | D:7      | Found Xuzunu's Magic Scroll Boutique.
  6194 | D:7      | Noticed Jeremiah
  6212 | D:7      | Killed Jeremiah
  6213 | D:7      | Reached skill level 13 in Earth Magic
  6862 | D:7      | Found an ancient bone altar of Kikubaaqudgha.
  7216 | D:8      | Found a flagged portal.
  7224 | Bailey   | Entered a bailey
  7312 | Bailey   | Noticed an orc knight
  7505 | Bailey   | Noticed an orc knight
  7560 | Bailey   | Killed an orc knight
  7561 | Bailey   | Reached skill level 14 in Earth Magic
  7675 | Bailey   | Killed an orc knight
  7676 | Bailey   | Reached skill level 10 in Staves
  7752 | Bailey   | Reached XP level 11. HP: 62/68 MP: 14/14
  7987 | Bailey   | Identified the +1 ring mail of the Valley of Death {Str+3
                  | Stlth+}
  8256 | D:8      | Noticed Erica
  8265 | D:8      | Killed Erica
  8800 | D:8      | Reached skill level 15 in Earth Magic
  9030 | D:9      | Slain by a wyvern

Illustrated notes

Levels and vault maps discovered:
D:1:      heliophobic_arrival_henge, layout_loops_ring, skrybe_limestone_x
D:2:      layout_loops_ring, hellmonk_ecumenical_altar_crossroads, uniq_jessica
D:3:      layout_loops_cross, nicolae_overflow_guarded_unrand_okawaru_victory,
          mainiacjoe_overflow_alcove_3, reono_crystal_passage, wad_orctagon,
          uniq_crazy_yiuf_cottage
D:4:      layout_basic, mainiacjoe_overflow_chevrons, minmay_temple_entry_mist,
          uniq_grinder
D:5:      layout_loops_cross, vehumet_statue, uniq_pikel, uniq_menkaure,
          uniq_blork_the_orc, uniq_sigmund
D:6:      layout_cave_pools
D:7:      layout_cave_pods, kennysheep_vampire_church, serial_shops, shop,
          uniq_prince_ribbit1, uniq_jeremiah
D:8:      layout_loops_ring, enter_bailey_3, uniq_erica
D:9:      layout_big_octagon, minmay_lair_entry_grove, orc_0_dummy, hive_lemuel,
          uniq_amaemon
Temple:   nicolae_temple_ecumenical_triangle

Skill      XL: |  1  2  3  4  5  6  7  8  9 10 11 |
---------------+----------------------------------+-----
Earth Magic    | 4 5 6 7 8 9 11 12 14 15 | 15.2
Staves         | 1 3 6 8 10 11 | 11.1
Dodging        | |  1.7
Stealth        | |  2.4
Spellcasting   | |  2.1
Transmutations | |  1.1

Action                     |  1- 3 |  4- 6 |  7- 9 | 10-12 || total
---------------------------+-------+-------+-------+-------++-------
  Melee: Quarterstaff      |       |       |    10 |   104 ||   114
         Punch             |       |       |       |     1 ||     1
   Cast: Sandblast         |    22 |    60 |   131 |    90 ||   303
Ability: Dig               |       |       |       |     2 ||     2
   Stab: Confused          |       |       |       |     1 ||     1
 Armour: Ring mail         |     5 |    36 |       |       ||    41
         Robe              |       |       |    51 |    82 ||   133
  Dodge: Dodged            |     1 |    24 |    85 |   133 ||   243

Table legend: (Time is in decaauts)
 A = Elapsed time spent in this place.
 B = Non-inter-level travel time spent in this place.
 C = Inter-level travel time spent in this place.
 D = Time resting spent in this place.
 E = Time spent auto-exploring this place.
 F = Levels seen in this place.
 G = Mean time per level.
                   A        B        C        D        E       F      G
               +--------+--------+--------+--------+--------+-----+--------+
         Total |   9176 |   8824 |    352 |     15 |   7229 |  11 |  834.2 |
       Dungeon |   8267 |   7921 |    346 |      4 |   6704 |   9 |  918.6 |
        Temple |     14 |      8 |      6 |      0 |      0 |   1 |   14.0 |
        Bailey |    894 |    894 |      0 |     11 |    524 |   1 |  894.0 |
               +--------+--------+--------+--------+--------+-----+--------+

Top non-repeatable levels by time:
     D:5: 1371 daAuts
     D:3: 1338 daAuts
     D:7: 1169 daAuts
     D:8: 1089 daAuts
  Bailey: 894 daAuts
     D:2: 884 daAuts
     D:4: 870 daAuts
     D:1: 815 daAuts
     D:6: 695 daAuts
     D:9: 32 daAuts
  Temple: 14 daAuts
